[Event "Titled Tuesday Blitz April 25 Early 2023"]
[White "Gutkin, Ilya"]
[Black "Sonnenschein, Philipp"]
[WhiteFideId "16203470"]
[BlackFideId "16250877"]
[WhiteElo "2265"]
[BlackElo "2224"]
[Result "0-1"]
[Round "06"]
[TimeControl "180+2"]
[Date "2023.04.25"]
[WhiteClock "0:01:34"]
[BlackClock "0:01:09"]

1. Nf3 d5 2. g3 g6 3. c4 dxc4 4. Na3 Bg7 5. Nxc4 Nc6 6. Bg2 e5 7. d3 Nge7 8. O-O O-O 9. Rb1 a5 10. b3 h6 11. Bb2 f6 12. h3 Be6 13. a3 Qd7 14. Qc2 Bxh3 15. Bxh3 Qxh3 16. d4 exd4 17. Nxd4 Nxd4 18. Bxd4 Nf5 19. Bc5 Nxg3 20. fxg3 Qxg3+ 21. Kh1 Qh4+ 22. Kg1 Qg5+ 23. Kh2 Qxc5 24. Qxg6 Qg5 25. Qe4 Rfe8 26. Qf3 Qh4+ 27. Kg2 Re4 28. Rh1 Qg5+ 29. Kf2 Rf4 30. Rbg1 Rxf3+ 31. exf3 Qc5+ 32. Kf1 Rd8 33. Rg2 Rd1+ 0-1


[Site "https://www.chess.com"]

[Event "Titled Tuesday Blitz April 25 Early 2023"]
[White "Pandey Srishti"]
[Black "Sadovsky, Artem"]
[WhiteFideId "35093290"]
[BlackFideId "4155840"]
[WhiteElo "2083"]
[BlackElo "2314"]
[Result "1-0"]
[Round "06"]
[TimeControl "180+2"]
[Date "2023.04.25"]
[WhiteClock "0:01:04"]
[BlackClock "0:00:41"]

1. e4 g6 2. d4 Bg7 3. Nc3 c6 4. Nf3 d5 5. Bd3 dxe4 6. Nxe4 Nd7 7. O-O Ngf6 8. Re1 O-O 9. c3 Nxe4 10. Bxe4 Nf6 11. Bd3 Qc7 12. Bg5 Rd8 13. Qc1 c5 14. Bf4 Qb6 15. Rxe7 Nd5 16. Re2 Bg4 17. dxc5 Qxc5 18. Be4 Nf6 19. Bxb7 Qb5 20. Bxa8 Qxe2 21. Bc6 Ne4 22. Bxe4 Qxe4 23. Qe3 Bxf3 24. gxf3 Qf5 25. Re1 Rd3 26. Qe8+ Bf8 27. Qxf8+ Kxf8 28. Bh6+ Kg8 29. Re8# 1-0


[Site "https://www.chess.com"]

[Event "Titled Tuesday Blitz April 25 Early 2023"]
[White "Dushyant Sharma"]
[Black "littlepillow2010"]
[WhiteFideId "25065130"]
[WhiteElo "2198"]
[BlackElo "2367"]
[Result "1-0"]
[Round "06"]
[TimeControl "180+2"]
[Date "2023.04.25"]
[WhiteClock "0:01:05"]
[BlackClock "0:00:01"]

1. e4 c5 2. Nf3 d6 3. d4 cxd4 4. Nxd4 Nf6 5. Nc3 a6 6. f4 Nbd7 7. Nf3 Qc7 8. Bd3 b5 9. a3 Bb7 10. O-O e5 11. Qe1 Be7 12. Bd2 O-O 13. Kh1 Rae8 14. fxe5 dxe5 15. Nh4 g6 16. Bh6 Nh5 17. Bxf8 Rxf8 18. Nf3 Nf4 19. Ne2 Nxd3 20. cxd3 Nc5 21. Rd1 f6 22. Nc3 Rd8 23. d4 exd4 24. Nxd4 Bd6 25. b4 Be5 26. bxc5 Bxd4 27. Nd5 Qxc5 28. Nxf6+ Bxf6 29. Rxf6 Rxd1 30. Qxd1 Bxe4 31. Re6 Bd5 32. Rxa6 Kg7 33. h3 Kh6 34. Qd2+ Kg7 35. Qe1 Kh6 36. Rf6 Kg7 37. Rf2 Qd4 38. Qe7+ 1-0


[Site "https://www.chess.com"]

[Event "Titled Tuesday Blitz April 25 Early 2023"]
[White "Luong Phuong Hanh"]
[Black "Devaev, Alexander"]
[WhiteFideId "12401013"]
[BlackFideId "4169395"]
[WhiteElo "2081"]
[BlackElo "2204"]
[Result "0-1"]
[Round "06"]
[TimeControl "180+2"]
[Date "2023.04.25"]
[WhiteClock "0:00:01"]
[BlackClock "0:01:09"]

1. d4 Nf6 2. Nf3 e6 3. e3 c5 4. Bd3 b6 5. O-O Bb7 6. c4 cxd4 7. exd4 d5 8. Nc3 dxc4 9. Bxc4 Be7 10. Ne5 O-O 11. Be3 Nc6 12. Rc1 Rc8 13. Bd3 Bd6 14. f4 Bb4 15. Bb1 Ne7 16. Bf2 Ng6 17. Nxg6 hxg6 18. Bh4 Bxc3 19. bxc3 Qd5 20. Qe2 Bc6 21. Bd3 b5 22. Rf2 a6 23. Bxf6 gxf6 24. Qg4 f5 25. Qh4 Kg7 26. Qg3 Rh8 27. Qe3 f6 28. Re1 Bd7 29. Be2 Rc7 30. Bf3 Qd6 31. d5 exd5 32. Qd4 Be6 33. Rfe2 Bf7 34. Rd1 Rc4 35. Qd3 Rd8 0-1


[Site "https://www.chess.com"]

[Event "Titled Tuesday Blitz April 25 Early 2023"]
[White "Escanor89"]
[Black "Fernandez Garcia, Gumersindo"]
[BlackFideId "24516740"]
[WhiteElo "2501"]
[BlackElo "2093"]
[Result "1-0"]
[Round "06"]
[TimeControl "180+2"]
[Date "2023.04.25"]
[WhiteClock "0:00:55"]
[BlackClock "0:00:16"]

1. e4 Nf6 2. e5 Nd5 3. d4 d6 4. Nf3 Nb6 5. exd6 cxd6 6. Be2 g6 7. O-O Bg7 8. h3 O-O 9. c4 Nc6 10. Nc3 Bf5 11. Be3 d5 12. cxd5 Nxd5 13. Qd2 Qd7 14. Bh6 Rfd8 15. Bxg7 Kxg7 16. Rfd1 h6 17. Rac1 Rac8 18. Na4 b6 19. Ba6 Rc7 20. Bb5 Qd6 21. a3 Be4 22. Ne5 Nxe5 23. dxe5 Qxe5 24. Rxc7 Qxc7 25. Qd4+ e5 26. Qxe4 Nf6 27. Qe1 e4 28. Rxd8 Qxd8 29. Nc3 Qd4 30. Qe3 Qe5 31. Bc6 g5 32. Bxe4 Qd6 33. Bf3 a5 34. Ne4 Qe5 35. Nxf6 Qxf6 36. Qxb6 a4 37. Qb4 1-0


[Site "https://www.chess.com"]

[Event "Titled Tuesday Blitz April 25 Early 2023"]
[White "Ljukin, Sergei"]
[Black "Lopez Del Alamo, Antonio"]
[WhiteFideId "14102200"]
[BlackFideId "2227339"]
[WhiteElo "2312"]
[BlackElo "2175"]
[Result "0-1"]
[Round "06"]
[TimeControl "180+2"]
[Date "2023.04.25"]
[WhiteClock "0:00:01"]
[BlackClock "0:00:29"]

1. e4 c5 2. Nf3 e6 3. d4 cxd4 4. Nxd4 Nf6 5. Nc3 Nc6 6. Nxc6 bxc6 7. e5 Nd5 8. Ne4 Bb7 9. Be2 c5 10. O-O Qc7 11. f4 c4 12. Qd4 Rc8 13. c3 Bc5 14. Nxc5 Qxc5 15. Rd1 O-O 16. Kh1 Qxd4 17. Rxd4 Nb6 18. Be3 Bd5 19. a4 a5 20. f5 Rc6 21. f6 g6 22. h4 Na8 23. h5 Rb8 24. Bc1 Nc7 25. hxg6 fxg6 26. Kh2 Na6 27. Kg3 Nc5 28. Rf4 Kf7 29. Be3 Ne4+ 30. Kh2 Rxb2 31. Bf3 Nxc3 32. Bd4 Rc2 33. Bxd5 Nxd5 34. Rb1 Nxf4 0-1


[Site "https://www.chess.com"]

[Event "Titled Tuesday Blitz April 25 Early 2023"]
[White "Allahverdiyeva, Ayan"]
[Black "Korelskiy, Egor"]
[WhiteFideId "13412590"]
[BlackFideId "34329064"]
[WhiteElo "1980"]
[BlackElo "2186"]
[Result "0-1"]
[Round "06"]
[TimeControl "180+2"]
[Date "2023.04.25"]
[WhiteClock "0:00:01"]
[BlackClock "0:01:20"]

1. e4 c5 2. Nf3 e6 3. d4 cxd4 4. Nxd4 a6 5. Bd3 Nf6 6. O-O Qc7 7. Qe2 d6 8. c4 Be7 9. f4 Nbd7 10. Nc3 O-O 11. Bd2 b6 12. Rae1 Rd8 13. Bb1 Bb7 14. b4 Bf8 15. Nf3 e5 16. f5 a5 17. a3 axb4 18. axb4 Ba6 19. Bd3 Rac8 20. Nb5 Bxb5 21. cxb5 Qb7 22. Bg5 Re8 23. Nd2 d5 24. exd5 Bxb4 25. Ne4 Nxe4 26. Bxe4 Bxe1 27. Rxe1 f6 28. Be3 Nc5 29. Bxc5 Rxc5 30. d6 Qf7 31. Bc6 Rd8 32. d7 Rxd7 33. Bxd7 Qxd7 34. Qe4 Qd4+ 35. Qxd4 exd4 36. Rd1 Rxf5 37. Rxd4 Rxb5 38. Rd8+ Kf7 39. Rb8 Rb1+ 40. Kf2 Rb2+ 41. Kf3 b5 42. Rb7+ Kg6 43. h4 h5 44. g3 Rb3+ 45. Kf4 Kh6 46. Rb6 Rb4+ 47. Kf3 Rb1 48. Kf4 Kg6 49. Kf3 b4 50. Rb7 b3 51. Kg2 Kh6 52. Kh2 g5 53. Kg2 gxh4 54. gxh4 Kg6 55. Rb6 Kf5 56. Kh2 Ke5 57. Kg2 f5 58. Rb5+ Kf4 59. Rb4+ Ke3 0-1


[Site "https://www.chess.com"]

[Event "Titled Tuesday Blitz April 25 Early 2023"]
[White "Manon-og, Ramon Jr."]
[Black "Shaik Sumer Arsh"]
[WhiteFideId "5200776"]
[BlackFideId "45020000"]
[WhiteElo "2345"]
[BlackElo "2350"]
[Result "0-1"]
[Round "06"]
[TimeControl "180+2"]
[Date "2023.04.25"]
[WhiteClock "0:00:03"]
[BlackClock "0:00:13"]

1. e4 e5 2. Nf3 Nc6 3. Bc4 Nf6 4. Ng5 d5 5. exd5 Na5 6. Bb5+ c6 7. dxc6 bxc6 8. Bd3 Nd5 9. Nf3 Bd6 10. O-O Nf4 11. Nc3 Nxd3 12. cxd3 O-O 13. Re1 Re8 14. Ne4 c5 15. Qc2 Nc6 16. Nxc5 Nb4 17. Qc4 Bxc5 18. Qxc5 Nxd3 19. Qe3 Nxe1 20. Nxe1 Bb7 21. d3 a5 22. Bd2 a4 23. Bc3 Qd5 24. a3 Re6 25. Rd1 Rg6 26. f3 Re6 27. Nc2 Rae8 28. Nb4 Qb3 29. Re1 h6 30. Qa7 R8e7 31. Qb8+ Kh7 32. h3 Rg6 33. Kh2 f6 34. Qd6 Qe6 35. Qc5 Rd7 36. Qb5 Qf5 37. Nc2 Bxf3 38. g3 Rxd3 39. Ne3 Qe4 40. Qb6 Bh5 41. Ng2 Qf3 0-1


[Site "https://www.chess.com"]

[Event "Titled Tuesday Blitz April 25 Early 2023"]
[White "Arat, Ufuk Sezen"]
[Black "Szente Varga, Fruzsina"]
[WhiteFideId "6309089"]
[BlackFideId "712264"]
[WhiteElo "2289"]
[BlackElo "1994"]
[Result "1-0"]
[Round "06"]
[TimeControl "180+2"]
[Date "2023.04.25"]
[WhiteClock "0:00:22"]
[BlackClock "0:00:14"]

1. e4 e5 2. Nf3 Nc6 3. c3 d5 4. Qa4 Qd6 5. d4 Bd7 6. Bb5 dxe4 7. dxe5 Qd5 8. Nfd2 e3 9. Nf3 exf2+ 10. Kxf2 Bc5+ 11. Be3 Bxe3+ 12. Kxe3 a6 13. Bxc6 Bxc6 14. Qd4 Qe6 15. Rd1 Ne7 16. Kf2 O-O 17. Nbd2 Rad8 18. Qc4 Nd5 19. Ne4 Qh6 20. Qe2 Nf4 21. Qe3 Rd6 22. exd6 cxd6 23. Rxd6 Ne6 24. Qxh6 gxh6 25. Nf6+ Kg7 26. Nd5 Re8 27. Nd4 Ng5 28. Nxc6 Ne4+ 29. Kf1 Nxd6 30. Nd4 Rd8 31. Re1 Nc4 32. Ne3 Nxb2 33. Rb1 Na4 34. Rxb7 Nxc3 35. Ndf5+ Kf6 36. Rb6+ Kg5 37. Kf2 Ne4+ 38. Kf3 Nd2+ 39. Kg3 Ne4+ 40. Kf3 Nf6 41. Ke2 Ng4 42. Nxg4 Kxg4 43. Ne3+ Kf4 44. Rxa6 Re8 45. Ra4+ Kg5 46. Kf3 f5 47. Ra5 Rf8 48. g4 Kg6 49. Rxf5 Ra8 50. h4 Rxa2 51. h5+ Kg7 52. Nd5 Ra3+ 53. Ke4 Ra4+ 54. Kf3 Ra3+ 55. Ne3 Rb3 56. Re5 Ra3 57. Kf4 Ra4+ 58. Kf5 Rb4 59. Re7+ Kg8 60. Nd5 Rb1 61. Nf4 Rf1 62. Ke5 Re1+ 63. Kf6 Rxe7 64. Kxe7 Kg7 65. Ke6 Kg8 66. Kf6 Kh8 67. Nd5 Kg8 68. Nc7 Kh8 69. Ke7 Kg7 70. Ne8+ Kg8 71. Nf6+ Kg7 72. Nd5 Kg8 73. Ne3 Kg7 74. Nf5+ Kh8 75. Nxh6 Kg7 76. Nf5+ Kh8 77. g5 Kg8 78. g6 Kh8 79. g7+ Kg8 80. Kf6 h6 81. Ne7+ 1-0


[Site "https://www.chess.com"]

[Event "Titled Tuesday Blitz April 25 Early 2023"]
[White "Garcia Almaguer, Juan Manuel"]
[Black "Psakhis, Lev"]
[WhiteFideId "5110491"]
[BlackFideId "2800012"]
[WhiteElo "2117"]
[BlackElo "2342"]
[Result "1-0"]
[Round "06"]
[TimeControl "180+2"]
[Date "2023.04.25"]
[WhiteClock "0:01:03"]
[BlackClock "0:00:33"]

1. e4 e6 2. d4 d5 3. e5 c5 4. c3 Nc6 5. Nf3 Bd7 6. Be2 Nge7 7. O-O Ng6 8. Bg5 Qb6 9. Qd2 h6 10. Be3 cxd4 11. cxd4 Be7 12. Nc3 O-O 13. Na4 Qd8 14. Rac1 Ncxe5 15. Nxe5 Nxe5 16. dxe5 Bxa4 17. Bd3 f5 18. exf6 Bxf6 19. Bb1 e5 20. Rfe1 d4 21. Bxh6 gxh6 22. Qxh6 Qe7 23. Re4 Bd7 24. Rc7 Rac8 25. Rg4+ Bxg4 26. Rxe7 Rc1+ 27. Qxc1 1-0


[Site "https://www.chess.com"]

[Event "Titled Tuesday Blitz April 25 Early 2023"]
[White "Khoder, Akram"]
[Black "Derichs, Roger"]
[WhiteFideId "5306914"]
[BlackFideId "4630076"]
[WhiteElo "2034"]
[BlackElo "2337"]
[Result "0-1"]
[Round "06"]
[TimeControl "180+2"]
[Date "2023.04.25"]
[WhiteClock "0:00:10"]
[BlackClock "0:00:06"]

1. d4 d5 2. c4 e6 3. Nf3 c6 4. g3 dxc4 5. Bg2 b5 6. O-O Bb7 7. a4 Nf6 8. Ne5 a6 9. Nc3 Be7 10. e4 O-O 11. Be3 Nbd7 12. Qc2 Nxe5 13. dxe5 Nd7 14. Rad1 Qc7 15. f4 Bc5 16. Qf2 Bxe3 17. Qxe3 Rad8 18. Kh1 Qb6 19. Qe2 Qc7 20. Qe3 b4 21. Ne2 a5 22. g4 Nb6 23. Ra1 c5 24. Ng3 Rd3 25. Qe1 Rfd8 26. Nh5 c3 27. bxc3 Rxc3 28. g5 Kh8 29. Qh4 Qe7 30. Rg1 Re3 31. Rae1 Rxe1 32. Rxe1 Rd4 33. Bf3 Nc4 34. Re2 Nd2 35. Bg2 Nxe4 36. h3 Bd5 37. Kh2 Rd2 38. Qe1 Rxe2 39. Qxe2 Qb7 40. Bf1 b3 41. Qb2 c4 42. Ng3 c3 43. Qb1 c2 44. Qb2 Qc6 45. Nxe4 c1=Q 46. Qxc1 Qxc1 47. Bg2 b2 48. g6 Bxe4 49. gxf7 Qc8 50. Bxe4 Qf8 51. Bb1 Qxf7 52. Kg3 Qe7 53. Kg4 Qb4 54. h4 Qe1 55. Be4 Qxe4 56. h5 Qf5+ 57. Kf3 Qxh5+ 58. Ke3 Qd1 59. Ke4 b1=Q+ 60. Ke3 Qe1+ 61. Kf3 Qbd1+ 0-1


[Site "https://www.chess.com"]

[Event "Titled Tuesday Blitz April 25 Early 2023"]
[White "Inepton_Fermion"]
[Black "Romkachess"]
[WhiteElo "2337"]
[BlackElo "2475"]
[Result "1/2-1/2"]
[Round "06"]
[TimeControl "180+2"]
[Date "2023.04.25"]
[WhiteClock "0:00:15"]
[BlackClock "0:00:10"]

1. e4 c5 2. Nf3 d6 3. d4 cxd4 4. Nxd4 Nf6 5. Nc3 a6 6. Rg1 e5 7. Nb3 Be6 8. g4 d5 9. exd5 Nxd5 10. Nxd5 Qxd5 11. Qxd5 Bxd5 12. Be3 Nc6 13. O-O-O O-O-O 14. Bb6 Rd7 15. Bd3 Be6 16. f3 Be7 17. Be4 Bd8 18. Be3 Be7 19. Nc5 Bxc5 20. Bxc5 Rhd8 21. Bb6 Rxd1+ 22. Rxd1 Rxd1+ 23. Kxd1 g6 24. g5 Ne7 25. a4 Nd5 26. Bf2 f5 27. gxf6 Nxf6 28. Bg3 Nxe4 29. fxe4 Bd7 30. Kd2 Bxa4 31. Bxe5 Kd7 32. Bd4 Ke6 33. c3 Bc6 34. Ke3 Ke7 35. Kf4 Ke6 36. h4 h6 37. Bg7 g5+ 38. hxg5 hxg5+ 39. Kxg5 Bxe4 40. Kf4 Bb1 41. Ke3 Kd5 42. Kd2 Kc4 43. Kc1 Bg6 44. Bf8 b5 45. Bb4 Kb3 46. Ba3 a5 47. Kd2 b4 48. cxb4 axb4 49. Bxb4 Kxb2 1/2-1/2


[Site "https://www.chess.com"]

[Event "Titled Tuesday Blitz April 25 Early 2023"]
[White "Baches Garcia, Guillermo"]
[Black "mohsengabr2002"]
[WhiteFideId "2209764"]
[WhiteElo "2471"]
[BlackElo "2335"]
[Result "1-0"]
[Round "06"]
[TimeControl "180+2"]
[Date "2023.04.25"]
[WhiteClock "0:00:12"]
[BlackClock "0:00:06"]

1. e4 d6 2. d4 g6 3. Nc3 Bg7 4. f4 Nf6 5. Nf3 c5 6. dxc5 Qa5 7. Bd3 Qxc5 8. Qe2 O-O 9. Be3 Qa5 10. O-O Ng4 11. Bd2 Qb6+ 12. Kh1 Qxb2 13. Rab1 Qa3 14. Nb5 Qc5 15. Bb4 Qc6 16. Nfd4 Qb6 17. h3 Nf6 18. Nf3 Nh5 19. Qd2 Ng3+ 20. Kh2 Nxf1+ 21. Rxf1 a5 22. Bc3 Bxc3 23. Nxc3 Nc6 24. Nd5 Qd8 25. f5 e6 26. Qh6 f6 27. fxg6 Qd7 28. Nb6 Qg7 29. Qxh7+ Qxh7 30. gxh7+ Kxh7 31. Nxa8 Nb4 32. a3 Nxd3 33. cxd3 Bd7 34. Nb6 Bb5 35. Nc4 Bxc4 36. dxc4 Rc8 37. Nd2 Kg6 38. Rb1 Rc7 39. Kg3 f5 40. exf5+ Kxf5 41. Kf3 Ke5 42. Ke3 Rg7 43. Rb5+ Kf6 44. g4 Rh7 45. Ne4+ Kg6 46. Rg5+ Kf7 47. Rh5 Rxh5 48. gxh5 d5 49. cxd5 exd5 50. Nc5 b5 51. Kd4 Kg7 52. Kxd5 1-0


[Site "https://www.chess.com"]

[Event "Titled Tuesday Blitz April 25 Early 2023"]
[White "Manukian, Artak"]
[Black "Mogirzan, Matei-Valeriu"]
[WhiteFideId "13301373"]
[BlackFideId "1257455"]
[WhiteElo "2130"]
[BlackElo "1733"]
[Result "1-0"]
[Round "06"]
[TimeControl "180+2"]
[Date "2023.04.25"]
[WhiteClock "0:00:21"]
[BlackClock "0:00:17"]

1. e4 c5 2. Nf3 Nc6 3. c3 e5 4. Bc4 d6 5. d4 cxd4 6. cxd4 exd4 7. Nxd4 Nf6 8. Nc3 Be7 9. O-O O-O 10. h3 a6 11. Nxc6 bxc6 12. Bf4 Be6 13. Bxe6 fxe6 14. Qb3 Qc8 15. Rfe1 Kh8 16. Rad1 d5 17. exd5 cxd5 18. Qb6 Bc5 19. Qxe6 Bxf2+ 20. Kxf2 Ne4+ 21. Rxe4 Qc5+ 22. Kg3 dxe4 23. Nxe4 Qh5 24. Qg4 Qe8 25. Rd7 Rg8 26. Nd6 h5 27. Nxe8 hxg4 28. Nd6 gxh3 29. gxh3 Kh7 30. Nf7 Kg6 31. Ng5 Rad8 32. Ra7 Kf5 33. Rxa6 Rd3+ 34. Nf3 g5 35. Ra5+ Kf6 36. Rxg5 Rxg5+ 37. Bxg5+ Kf5 38. h4 Ke4 39. Kg4 Rxf3 40. h5 Rf1 41. h6 Rg1+ 42. Kh5 Kf5 43. Bh4 Rg8 44. h7 Rh8 45. Kh6 Ra8 46. Kg7 Ra7+ 47. Kg8 Ra8+ 48. Kf7 Rh8 49. Kg7 Ra8 50. h8=Q Rxh8 51. Kxh8 Kg6 52. b4 Kf5 53. b5 Ke6 54. b6 Kd7 55. Bg3 Kc6 56. Bc7 Kb7 57. Kg7 Kc6 58. Kg6 Kb7 59. Kf5 Kc6 60. Ke4 Kb7 61. Kd3 Kc6 62. Kc2 Kb7 63. Kb3 Kc6 64. Kb4 Kb7 65. a4 Kc6 66. a5 Kb7 67. Ka4 Kc6 68. Kb4 Kb7 69. Kb5 Ka8 70. Bd8 Kb7 71. a6+ Kc8 72. b7+ Kb8 73. Kc6 Ka7 74. Kc7 Kxa6 75. b8=Q 1-0


[Site "https://www.chess.com"]

[Event "Titled Tuesday Blitz April 25 Early 2023"]
[White "Staudenhocker43"]
[Black "Prudnykova, Olga"]
[BlackFideId "14121093"]
[WhiteElo "2466"]
[BlackElo "2113"]
[Result "1/2-1/2"]
[Round "06"]
[TimeControl "180+2"]
[Date "2023.04.25"]
[WhiteClock "0:00:20"]
[BlackClock "0:00:49"]

1. c4 Nf6 2. Nc3 d5 3. cxd5 Nxd5 4. Nf3 g6 5. d4 Bg7 6. e4 Nxc3 7. bxc3 c5 8. Rb1 O-O 9. Be2 cxd4 10. cxd4 Qa5+ 11. Bd2 Qxa2 12. O-O Bg4 13. Bg5 h6 14. Be3 Nc6 15. d5 Bxf3 16. Bxf3 Ne5 17. Rxb7 Nxf3+ 18. Qxf3 e6 19. dxe6 Qxe6 20. Rxa7 Rxa7 21. Bxa7 Re8 22. Re1 Qe5 23. Qe3 Qa5 24. Bb6 Qb4 25. Bc5 Qa5 26. g3 f5 27. Qb3+ Kh7 28. Bb4 Qb5 29. Qa3 Rxe4 30. Rxe4 fxe4 31. Bd2 Qb1+ 32. Kg2 Qb7 33. Be3 Qf7 34. Bd2 Qd7 35. Qe3 Qd5 36. h3 Bf8 37. g4 Bg7 38. Kg1 Qc4 39. Kg2 Qd5 40. Kg1 Qc4 41. Kg2 Qd5 1/2-1/2


[Site "https://www.chess.com"]

[Event "Titled Tuesday Blitz April 25 Early 2023"]
[White "Tanmay Jain"]
[Black "Chabris, Christopher"]
[WhiteFideId "45015481"]
[BlackFideId "2005263"]
[WhiteElo "2032"]
[BlackElo "2318"]
[Result "1-0"]
[Round "06"]
[TimeControl "180+2"]
[Date "2023.04.25"]
[WhiteClock "0:00:33"]
[BlackClock "0:00:02"]

1. e4 e5 2. Nf3 Nc6 3. d4 exd4 4. Nxd4 Qf6 5. Nxc6 Bc5 6. Qe2 dxc6 7. Nc3 h5 8. Be3 Bb4 9. O-O-O Bxc3 10. bxc3 Qxc3 11. Bd4 Qa3+ 12. Bb2 Qf8 13. f4 Bg4 14. Qe3 Bxd1 15. Kxd1 O-O-O+ 16. Kc1 Kb8 17. Bc4 Nf6 18. e5 Nd5 19. Qe4 Qc5 20. Re1 Rhe8 21. g3 f5 22. Qe2 b5 23. Bb3 h4 24. Qf3 hxg3 25. hxg3 a5 26. a4 Nb4 27. Kb1 Rd2 28. Bc3 Rdd8 29. Bb2 Nd5 30. Qe2 Nc3+ 31. Bxc3 Qxc3 32. axb5 Rd2 33. Qf1 Red8 34. bxc6 Qb4 35. Qa6 R2d4 36. Qb7+ Qxb7 37. cxb7 Kxb7 38. e6 a4 39. e7 Re8 40. Bf7 1-0


[Site "https://www.chess.com"]

[Event "Titled Tuesday Blitz April 25 Early 2023"]
[White "Rodriguez Santiago, Jaime"]
[Black "Jovic, Stanoje"]
[WhiteFideId "3100898"]
[BlackFideId "905020"]
[WhiteElo "2025"]
[BlackElo "2236"]
[Result "0-1"]
[Round "06"]
[TimeControl "180+2"]
[Date "2023.04.25"]
[WhiteClock "0:00:07"]
[BlackClock "0:01:14"]

1. c4 e5 2. Nc3 Nf6 3. g3 c6 4. Nf3 e4 5. Nd4 Bc5 6. Nb3 Bb4 7. Bg2 d5 8. cxd5 cxd5 9. O-O h5 10. d3 h4 11. dxe4 Bxc3 12. bxc3 hxg3 13. hxg3 Bh3 14. Ba3 Qc8 15. Qd4 Nc6 16. Qe3 d4 17. cxd4 Bxg2 18. Kxg2 Rh2+ 19. Kxh2 Ng4+ 20. Kg2 Nxe3+ 21. fxe3 Qg4 22. Rf3 O-O-O 23. Raf1 Rh8 24. Nc5 f6 25. Kf2 Rh2+ 26. Ke1 b6 27. Nd3 Qxe4 28. Kd2 Qe6 29. Rf5 Qxa2+ 30. Bb2 Na5 31. Rc1+ Kb7 32. Rc2 Nc4+ 33. Kc3 Nxe3 34. Rb5 Nxc2 0-1


[Site "https://www.chess.com"]

[Event "Titled Tuesday Blitz April 25 Early 2023"]
[White "Ardila, Oscar Humberto"]
[Black "Sliwicki, Damian"]
[WhiteFideId "4404742"]
[BlackFideId "1127128"]
[WhiteElo "1918"]
[BlackElo "2030"]
[Result "1-0"]
[Round "06"]
[TimeControl "180+2"]
[Date "2023.04.25"]
[WhiteClock "0:00:08"]
[BlackClock "0:00:03"]

1. d4 Nf6 2. c4 e5 3. dxe5 Ng4 4. Nf3 Nc6 5. e3 Ngxe5 6. Be2 Bc5 7. O-O O-O 8. Nbd2 d6 9. Nxe5 Nxe5 10. Nf3 Qe7 11. Nd4 a5 12. Bd2 b6 13. Bc3 Bb7 14. Qd2 Qg5 15. f3 Rae8 16. Rae1 Ng6 17. Bd1 Nh4 18. Kh1 Qh6 19. Qf2 f5 20. a3 Kh8 21. b4 axb4 22. axb4 Bxd4 23. exd4 Ra8 24. d5 f4 25. Re7 Nf5 26. Rxc7 Ba6 27. Re1 Rac8 28. Rxc8 Rxc8 29. Bc2 Qh5 30. Bxf5 Qxf5 31. Re7 Rg8 32. h4 Bxc4 33. Qd4 Qxd5 34. Qxf4 Qh5 35. Kh2 Bd5 36. Qg3 Qh6 37. Rd7 Bc6 38. Rxd6 Qh5 39. Rxc6 h6 40. Rc7 Qg6 41. Qxg6 h5 42. Bxg7+ Rxg7 43. Qxg7# 1-0


[Site "https://www.chess.com"]

[Event "Titled Tuesday Blitz April 25 Early 2023"]
[White "Hajiyev, Kanan"]
[Black "Gonzalez, Francisco Silva"]
[WhiteFideId "13404148"]
[BlackFideId "1512285"]
[WhiteElo "2103"]
[BlackElo "2074"]
[Result "1-0"]
[Round "06"]
[TimeControl "180+2"]
[Date "2023.04.25"]
[WhiteClock "0:00:07"]
[BlackClock "0:01:12"]

1. d4 Nf6 2. Nf3 d5 3. c4 e6 4. cxd5 exd5 5. Nc3 a6 6. Bg5 Be6 7. Ne5 Bd6 8. f4 c5 9. e3 cxd4 10. exd4 Nc6 11. Be2 Qb6 12. Na4 Qb4+ 13. Kf1 Qxd4 14. Nxc6 Qxd1+ 15. Rxd1 bxc6 16. Bxf6 gxf6 17. g3 Bh3+ 18. Kf2 h5 19. Rhe1 Kf8 20. Nb6 Rb8 21. Na4 Rb4 22. b3 Rxa4 23. bxa4 Bc5+ 24. Kf3 Bb4 25. Bxa6 Bg4+ 26. Kf2 Bxd1 27. Rxd1 Ke7 28. Rb1 c5 29. a3 Bxa3 30. Rb7+ Ke6 31. Rb6+ Ke7 32. Bb7 Rb8 33. a5 c4 34. Kf3 Bc5 35. Rb5 Kd6 36. a6 c3 37. Rxc5 Kxc5 38. a7 Rxb7 39. a8=Q Rb3 40. Ke3 d4+ 41. Kd3 c2+ 42. Kxc2 Rc3+ 43. Kd2 Kc4 44. Qc6+ Kb3 45. Qb6+ Kc4 46. Qxf6 Rd3+ 47. Ke2 Re3+ 48. Kf2 Rd3 49. Qxf7+ Kc3 50. Qxh5 Rd2+ 51. Kf3 d3 52. Qa5+ Kc2 53. Qa2+ Kc1 54. Qa1+ Kc2 55. Ke3 Re2+ 56. Kf3 Re7 57. Qa2+ Kd1 58. Qb1+ Kd2 59. Qb4+ Kd1 60. Qxe7 d2 61. Qd6 Ke1 62. Qxd2+ Kf1 63. f5 Kg1 64. Qg2# 1-0


[Site "https://www.chess.com"]

[Event "Titled Tuesday Blitz April 25 Early 2023"]
[White "Jaskolka, Tomasz"]
[Black "sebastianmarinp"]
[WhiteFideId "1170791"]
[WhiteElo "2155"]
[BlackElo "2311"]
[Result "1-0"]
[Round "06"]
[TimeControl "180+2"]
[Date "2023.04.25"]
[WhiteClock "0:00:10"]
[BlackClock "0:00:04"]

1. d4 Nf6 2. c4 e6 3. g3 d5 4. Bg2 Be7 5. Nf3 O-O 6. O-O dxc4 7. Na3 Bxa3 8. bxa3 Nbd7 9. a4 a5 10. Ba3 Re8 11. Qc2 Nb6 12. Rfc1 Bd7 13. Ne5 Bxa4 14. Qd2 c6 15. Rab1 Bb5 16. Bc5 Nbd7 17. Bd6 Nb6 18. Bc5 Nfd7 19. Nxd7 Nxd7 20. Bd6 Nb6 21. Bc5 Nd5 22. a4 Bxa4 23. Rxb7 Bb5 24. Bxd5 exd5 25. Qf4 Qf6 26. Qc7 Rxe2 27. Rb8+ Re8 28. Rxa8 Rxa8 29. Bd6 Qd8 30. Qb7 a4 31. Ba3 Rb8 32. Qa7 Qb6 33. Qe7 Qxd4 34. Qd6 Re8 35. Qd7 Qe4 36. Bb2 Qe7 37. Qg4 f6 38. h4 a3 39. Bd4 c3 40. Bxc3 Qe4 41. Qd7 Be2 42. Qxc6 Bf3 43. Kh2 Qe2 44. Bd4 a2 45. Be3 1-0


[Site "https://www.chess.com"]

[Event "Titled Tuesday Blitz April 25 Early 2023"]
[White "Bekkedahl, Zachary"]
[Black "HamedWafa4"]
[WhiteFideId "2069156"]
[WhiteElo "1943"]
[BlackElo "2453"]
[Result "0-1"]
[Round "06"]
[TimeControl "180+2"]
[Date "2023.04.25"]
[WhiteClock "0:00:45"]
[BlackClock "0:01:26"]

1. e4 e5 2. Nf3 Nc6 3. Bb5 a6 4. Ba4 Nf6 5. O-O Be7 6. Re1 b5 7. Bb3 O-O 8. c3 d5 9. exd5 Nxd5 10. Nxe5 Nxe5 11. Rxe5 Nf6 12. d4 Bd6 13. Re1 Ng4 14. h3 Bh2+ 15. Kf1 Nxf2 16. Kxf2 Qh4+ 17. Kf1 Bg3 18. Re2 Bg4 19. Be3 Rae8 20. hxg4 Re6 21. Bxe6 fxe6+ 22. Rf2 Bxf2 23. Ke2 Qxg4+ 24. Kd2 Bxe3+ 25. Kc2 Rf2+ 26. Kb3 Qxd1+ 0-1


[Site "https://www.chess.com"]

[Event "Titled Tuesday Blitz April 25 Early 2023"]
[White "De Souza, Cristiano Gomes"]
[Black "Jimenez Jimenez, Leandro"]
[WhiteFideId "2151758"]
[BlackFideId "6415253"]
[WhiteElo "2068"]
[BlackElo "2263"]
[Result "1-0"]
[Round "06"]
[TimeControl "180+2"]
[Date "2023.04.25"]
[WhiteClock "0:00:58"]
[BlackClock "0:00:18"]

1. d4 d5 2. c4 dxc4 3. Nf3 Nf6 4. e3 e6 5. Bxc4 Be7 6. Nbd2 O-O 7. Ne5 c5 8. Ndf3 cxd4 9. Qxd4 Qc7 10. O-O Rd8 11. Qc3 Nbd7 12. Rd1 Nxe5 13. Rxd8+ Qxd8 14. Qxe5 Qd1+ 15. Bf1 b6 16. Qd4 Qc2 17. Bd2 Bc5 18. Qe5 Ng4 19. Qc7 Qxb2 20. Rc1 e5 21. Rxc5 Be6 22. Rc2 Qa1 23. h3 e4 24. Bc3 Qc1 25. Rxc1 1-0


[Site "https://www.chess.com"]

[Event "Titled Tuesday Blitz April 25 Early 2023"]
[White "Zhukova, Natalia"]
[Black "Smith, Garrett L"]
[WhiteFideId "14101513"]
[BlackFideId "2024829"]
[WhiteElo "2297"]
[BlackElo "2262"]
[Result "0-1"]
[Round "06"]
[TimeControl "180+2"]
[Date "2023.04.25"]
[WhiteClock "0:00:17"]
[BlackClock "0:00:55"]

1. c4 c5 2. Nf3 Nc6 3. d4 cxd4 4. Nxd4 e5 5. Nb5 d6 6. N5c3 Be7 7. g3 Be6 8. Nd5 h5 9. h4 Nf6 10. Bg2 O-O 11. Nbc3 Rc8 12. O-O Na5 13. b3 a6 14. a4 Nxd5 15. Nxd5 Nc6 16. Ba3 Nd4 17. e3 Nf5 18. Qxh5 g6 19. Qe2 Re8 20. Nxe7+ Qxe7 21. Rfd1 b5 22. axb5 axb5 23. Bd5 bxc4 24. bxc4 Rc7 25. h5 Rec8 26. hxg6 fxg6 27. Rab1 Bxd5 28. cxd5 Rc3 29. Bb4 Rc2 30. Rd2 R2c4 31. Ba3 Qg5 0-1


[Site "https://www.chess.com"]